 Dungeon Crawl Stone Soup version 0.13-a0-2907-g70ca29e (webtiles) character file.

6574 PolkaDot the Conjurer (level 10, -6/55 (61) HPs)
             Began as a Vampire Wizard on Sept 1, 2013.
             Was a Believer of Vehumet.
             Mangled by a wight
             ... wielding a +3,+3 halberd
              (11 damage)
             ... on Level 10 of the Dungeon.
             The game lasted 01:57:30 (14732 turns).

PolkaDot the Conjurer (Vampire Wizard)             Turns: 14732, Time: 01:57:30

HP  -6/55 (61)   AC  7     Str  6      XL: 10   Next: 58%
MP   0/20        EV 12     Int 23      God: Vehumet [**....]
Gold 484         SH  0     Dex 12      Spells:  7 memorised,  2 levels left

Res.Fire  : . . .   See Invis. : +   f - +2 dwarf short sword (venom)
Res.Cold  : . . .   Warding    : .   a - +0 robe
Life Prot.: + . .   Conserve   : .   (no shield)
Res.Poison: .       Res.Corr.  : +   b - +2 wizard hat
Res.Elec. : .       Clarity    : .   g - +1 elf cloak
Sust.Abil.: . .     Spirit.Shd : .   (no gloves)
Res.Mut.  : .       Stasis     : .   G - +0 pair of boots
Res.Rott. : .       Flight     : .   j - amulet of resist corrosion
Saprovore : . . .                    (no ring)
                                     (no ring)

@: somewhat resistant to hostile enchantments, stealthy
A: bottle blood, fangs 3, see invisible, unbreathing
a: Bat Form, Bottle Blood, Renounce Religion


You were on level 10 of the Dungeon.
You worshipped Vehumet.
Vehumet was most pleased with you.
You were not thirsty.

You visited 2 branches of the dungeon, and saw 12 of its levels.
You also visited: Sewer.

You collected 492 gold pieces.
You spent 28 gold pieces at shops.

Inventory:

Hand weapons
 e - a +3,+1 elven dagger of protection (quivered)
 f - a +2,+2 dwarven short sword of venom (weapon)
 n - a +2,+2 sabre of freezing
Armour
 a - a +0 robe (worn)
 b - a +2 wizard hat (worn)
 g - a +1 elven cloak (worn)
 G - a +0 pair of boots (worn)
Magical devices
 d - a wand of paralysis (0)
 p - a wand of polymorph (4)
 D - a wand of teleportation (0)
 J - a wand of random effects (3)
Scrolls
 k - 3 scrolls of remove curse
 y - a scroll of enchant weapon I
 E - 2 scrolls of amnesia
 H - a scroll of identify
Jewellery
 j - an amulet of resist corrosion (around neck)
Potions
 i - 6 potions of blood
 t - 2 potions of flight
Books
 c - a book of Minor Magic

   Spells                             Type                      Level
   *Magic Dart                        Conjuration                  1
   *Blink                             Translocation                2
   Call Imp                           Summoning                    2
   Repel Missiles                     Charms/Air                   2
   Slow                               Hexes                        2
   *Conjure Flame                     Conjuration/Fire             3
   Mephitic Cloud                     Conjuration/Poison/Air       3
 o - Sif Muna's Tome of Ice
   (You found it on level 4 of the Dungeon)

   Spells                             Type                      Level
   *Freeze                            Ice                          1
 x - a book of the Warp

   Spells                             Type                      Level
   Recall                             Summoning/Translocation      3
   Control Teleport                   Charms/Translocation         4
   Phase Shift                        Translocation                5
   Warp Weapon                        Charms/Translocation         5
   Dispersal                          Translocation                6
   Controlled Blink                   Translocation                7
   Disjunction                        Translocation                8


   Skills:
 - Level 2.1 Dodging
 - Level 3.0 Stealth
 - Level 3.0 Spellcasting
 * Level 10.8 Conjurations
   Level 1.0 Summonings
 + Level 4.8 Translocations
 - Level 4.7 Ice Magic


You had 2 spell levels left.
You knew the following spells:

 Your Spells              Type           Power        Failure   Level  Hunger
a - Throw Flame           Conj/Fire      ####..       1%          2    ##.....
c - Shock                 Conj/Air       ####         1%          1    None
d - Conjure Flame         Conj/Fire      ####....     4%          3    ###....
s - Stone Arrow           Conj/Erth      ####..       4%          3    ###....
x - Freeze                Ice            ####         1%          1    None
z - Magic Dart            Conj           ####         1%          1    None
A - Blink                 Tloc           N/A          2%          2    ##.....


Dungeon Overview and Level Annotations

Branches:
Dungeon (11/27)            Temple (1/1) D:4             Orc (0/4) D:8
   Lair: D:8-13

Altars:
Ashenzari
Cheibriados
Elyvilon
Fedhas
Kikubaaqudgha
Makhleb
Nemelex Xobeh
Okawaru
Sif Muna
Trog
Vehumet
Xom
Yredelemnul
Zin
the Shining One

Shops:
D:8 [(   D:9 %

Annotations:
D:10 exclusion: silver statue
D:11 Josephine


Innate Abilities, Weirdness & Mutations

You can bottle blood from corpses.
You have razor-sharp teeth.*
You have supernaturally acute eyesight.
You can survive without breathing.*


Message History

The wyvern bites you! The wyvern bites you!
You hit the wyvern.
The wyvern is poisoned.
The wyvern is moderately wounded.
The wyvern bites you!
The wight hits you from afar with a halberd.
* * * LOW HITPOINT WARNING * * *
The wight hits you from afar with a halberd!
* * * LOW HITPOINT WARNING * * *
The wyvern closely misses you.
Drink which item? (? for menu, Esc to quit)
Okay, then.
Casting: Blink
Confirm with . or Enter, or press ? or * to list all spells.
You don't have enough magic to cast that spell.
Casting: Blink
Confirm with . or Enter, or press ? or * to list all spells.
You blink.
The wight hits you from afar with a halberd!
You die...

.......#......# #......####
..... #......# #.........# ....
#[.....######.........#
#########......(..>.[.........#
..........)..)....ยง((.........#
..................#######.....#
................Dz# #.......
.............(((.(# #.......
......######.#(.@.# #......
......# #%#....# #..... ......#
#.#....# ...## ......# #.#....#
. ......# ####.####.# ......#
#.......#.. ......####.###z##"..
#+##.....#)##...######
#..#.....#.###.##.....


You could see a wyvern and a wight.

Vanquished Creatures
  The ghost of 4tharraofdagon the Cleaver, an experienced DjBe of Trog (D:10)
  A hippogriff (D:10)
  A sky beast (D:9)
  A black bear (D:8)
  4 ice beasts
  4 orc warriors
  2 phantoms
  6 ogres
  5 centaurs
  The ghost of Kabixx the Magician, an average DsWz (Sewer)
  A water moccasin (D:9)
  10 giant frogs
  A big kobold (Sewer)
  7 wights
  2 goliath beetles
  A centaur zombie (D:8)
  14 crimson imps
  6 killer bees (D:8)
  5 hounds
  5 orc priests
  2 jellies (D:8)
  3 iguanas
  14 orc wizards
  A big fish (Sewer)
  A scorpion (D:6)
  A killer bee zombie (D:7)
  5 worker ants
  Jessica (D:2)
  A hound skeleton (D:6)
  Terence (D:3)
  9 adders
  3 gnolls (D:7)
  2 green rats (Sewer)
  2 giant mites
  A shadow imp (D:9)
  An inept feature mimic (D:10)
  2 white imps (D:7)
  3 worms
  A grey rat (Sewer)
  An ooze (D:2)
  4 giant eyeballs
  4 giant geckos
  38 orcs
  A giant cockroach (D:1)
  12 hobgoblins
  9 jackals
  7 quokkas
  3 ball pythons
  11 bats
  7 giant newts
  A giant spore (D:7)
  13 goblins
  A jackal zombie (D:6)
  20 kobolds
  An orc skeleton (D:4)
  19 rats
  A rat skeleton (D:4)
285 creatures vanquished.

Vanquished Creatures (others)
  A butterfly (D:8)
1 creature vanquished.

Grand Total: 286 creatures vanquished

Notes
Turn   | Place    | Note
--------------------------------------------------------------
     0 | D:1      | PolkaDot, the Vampire Wizard, began the quest for the Orb.
     0 | D:1      | Reached XP level 1. HP: 11/11 MP: 6/6
    27 | D:1      | Reached skill level 1 in Conjurations
   173 | D:1      | Reached XP level 2. HP: 17/17 MP: 1/8
   888 | D:1      | Reached XP level 3. HP: 22/22 MP: 8/10
   893 | D:1      | Learned a level 3 spell: Conjure Flame
   896 | D:1      | Learned a level 2 spell: Blink
  1382 | D:2      | Noticed Jessica
  1386 | D:2      | Killed Jessica
  1445 | D:2      | Reached XP level 4. HP: 28/28 MP: 10/12
  2068 | D:3      | Noticed Terence
  2116 | D:3      | Killed Terence
  2452 | D:3      | Found a white marble altar of Elyvilon.
  2712 | D:4      | Reached XP level 5. HP: 31/33 MP: 0/13
  2828 | D:4      | Noticed a phantom
  2855 | D:4      | Killed a phantom
  2855 | D:4      | Reached skill level 4 in Conjurations
  3071 | D:4      | Reached XP level 6. HP: 36/39 MP: 5/15
  3362 | D:4      | Noticed an ogre
  3383 | D:4      | Killed an ogre
  3383 | D:4      | Reached skill level 5 in Conjurations
  3642 | D:4      | Found a deep blue altar of Sif Muna.
  3762 | D:4      | Identified Sif Muna's Tome of Ice
  4045 | D:4      | Found a staircase to the Ecumenical Temple.
  4052 | Temple   | Entered the Ecumenical Temple
  4462 | D:5      | Entered Level 5 of the Dungeon
  4510 | D:5      | Found a glowing drain.
  4529 | Sewer    | Entered a sewer
  4692 | Sewer    | Learned a level 1 spell: Freeze
  4694 | Sewer    | Noticed Kabixx's ghost (average DsWz)
  4700 | Sewer    | Reached XP level 7. HP: 44/44 MP: 11/17
  4706 | Sewer    | Killed Kabixx's ghost
  4709 | Sewer    | Reached skill level 6 in Conjurations
  4826 | Sewer    | Found a white marble altar of Elyvilon.
  5378 | D:5      | Found a glowing silver altar of Zin.
  5378 | D:5      | Noticed an angel
  5426 | D:5      | Found a snail-covered altar of Cheibriados.
  5477 | D:5      | Found a sparkling altar of Nemelex Xobeh.
  5478 | D:5      | Found a glowing golden altar of the Shining One.
  5508 | D:5      | Found a basalt altar of Yredelemnul.
  6129 | D:6      | Reached skill level 1 in Ice Magic
  6247 | D:6      | Reached skill level 7 in Conjurations
  6247 | D:6      | Reached XP level 8. HP: 17/50 MP: 5/18
  6556 | D:6      | Paralysed by a giant eyeball for 3 turns
  7884 | D:6      | Found a shimmering altar of Xom.
  8255 | D:7      | Found a bloodstained altar of Trog.
  8456 | D:7      | Reached skill level 8 in Conjurations
  9360 | D:7      | Reached XP level 9. HP: 50/55 MP: 11/19
  9404 | D:7      | Paralysed by a giant eyeball for 2 turns
 10200 | D:7      | Paralysed by a giant eyeball for 2 turns
 10238 | D:7      | Found a radiant altar of Vehumet.
 10243 | D:7      | Became a worshipper of Vehumet
 10303 | D:7      | Reached skill level 1 in Translocations
 10320 | D:7      | Reached skill level 9 in Conjurations
 10953 | D:8      | Acquired Vehumet's first power
 10953 | D:8      | Offered knowledge of Shock by Vehumet.
 11035 | D:8      | Learned a level 1 spell: Shock
 11218 | D:8      | Found Micid's Armour Shoppe.
 11225 | D:8      | Found a staircase to the Orcish Mines.
 11226 | D:8      | Found Niaqeil's Weapon Shoppe.
 11328 | D:8      | Bought a +0 pair of boots for 28 gold pieces
 11952 | D:8      | Reached XP level 10. HP: 61/61 MP: 11/20
 12002 | D:8      | Offered knowledge of Throw Flame by Vehumet.
 12037 | D:8      | Reached skill level 10 in Conjurations
 12098 | D:8      | Gained mutation: Your magical capacity is low (-10% MP). [potion of mutation]
 12115 | D:8      | Got a pair of dazzling gloves
 12118 | D:8      | Identified the cursed +0 pair of gloves "Dyniypuc" {Dex+3 Int-4} (You found it on level 8 of the Dungeon)
 12132 | D:8      | Paralysed by a centaur for 5 turns
 12538 | D:9      | Lost mutation: Your magical capacity is low (-10% MP). [potion of cure mutation]
 12680 | D:10     | Entered Level 10 of the Dungeon
 12687 | D:10     | Learned a level 2 spell: Throw Flame
 12909 | D:10     | Noticed 4tharraofdagon's ghost (experienced DjBe)
 12954 | D:10     | Killed 4tharraofdagon's ghost
 13368 | D:11     | Noticed Josephine
 13931 | D:9      | Found Klin's Food Shoppe.
 13970 | D:10     | HP: 2/55 [manticore/volley of spikes (3)]
 14479 | D:10     | Offered knowledge of Stone Arrow by Vehumet.
 14484 | D:10     | Learned a level 3 spell: Stone Arrow
 14732 | D:10     | Mangled by a wight

Action                   |  1- 3 |  4- 6 |  7- 9 | 10-12 || total
-------------------------+-------+-------+-------+-------++-------
Melee: Dagger            |     3 |     3 |    23 |    71 ||   100
       Short sword       |     2 |    10 |    12 |    17 ||    41
       Sabre             |       |       |    11 |       ||    11
 Cast: Magic Dart        |    86 |   201 |   328 |    83 ||   698
       Conjure Flame     |       |    15 |    31 |    12 ||    58
       Freeze            |       |       |   140 |    45 ||   185
       Blink             |       |       |     4 |     7 ||    11
       Shock             |       |       |    38 |       ||    38
       Throw Flame       |       |       |       |    75 ||    75
       Stone Arrow       |       |       |       |    14 ||    14
 Abil: End Transformatio |       |     3 |     1 |       ||     4
       Bat Form          |       |     3 |     1 |       ||     4
       Bottle Blood      |       |       |    12 |    13 ||    25
Evoke: Wand              |       |       |     3 |     6 ||     9
  Use: Scroll            |       |     7 |     6 |    16 ||    29
       Potion            |       |     6 |    39 |    14 ||    59
 Stab: Sleeping          |     1 |       |     2 |       ||     3
       Invisible         |       |     1 |       |       ||     1
